 Dungeon Sprint DCSS version 0.31.0-12-g77e489cdc1 (webtiles) character file.

Game seed: 7563972711382361295

465 Heoruswealwe the Spear-Bearer (level 6, 0/64 HPs)
             Began as a Minotaur Fighter on Feb 23, 2024.
             Was an Initiate of Gozag.
             Slain by a wraith (2 damage)
             ... in the Dungeon (Sprint IX: "|||||||||||||||||||||||||||||").
             The game lasted 00:00:56 (120 turns).

Heoruswealwe the Spear-Bearer (Minotaur Fighter)     Turns: 120, Time: 00:00:58

Health: 0/64       AC:  8    Str: 22    XL:     6   Next: 80%
Magic:  5/5        EV:  9    Int:  5    God:    Gozag
Gold:   0          SH:  4    Dex: 10    Spells: 5/5 levels left

rFire   . . .        a - +0 trident
rCold   . . .        d - +0 buckler
rNeg    . . .        c - +0 scale mail
rPois   .            (helmet restricted)
rElec   .            (no cloak)
rCorr   .            (no gloves)
SInv    .            (no boots)
Will    .....        (no amulet) Stlth
                     (no ring)
HPRegen 0.30/turn    (no ring)
MPRegen 0.09/turn

%: no teleportation
@: slowed, very slow
A: horns 2, retaliatory headbutt
a: Renounce Religion, Potion Petition, Call Merchant, Bribe Branch


You were in the Dungeon.
You worshipped Gozag.
Gozag was noncommittal.
You visited 1 branch

Inventory:

Hand Weapons
 a - a +0 trident (weapon)
Armour
 c - a +0 scale mail (worn)
 d - a +0 buckler (worn)
Jewellery
 k - a +2 ring of evasion
 l - a +3 ring of dexterity
Wands
 h - a wand of acid (10)
Scrolls
 j - 2 scrolls of blinking
Potions
 b - a potion of might
 e - 5 potions of curing
 f - 3 potions of heal wounds
 g - a potion of haste
 i - a potion of berserk rage


   Skills:
 + Level 9.5 Fighting
 * Level 12.5 Polearms
 + Level 9.5 Armour
 - Level 3.6 Shields


You had 5 spell levels left.
You didn't know any spells.
Your spell library was empty.

Dungeon Overview and Level Annotations

Branches:
Dungeon (1/1)

Altars:
Cheibriados
Dithmenos
Elyvilon
Fedhas
Gozag
Hepliaklqana
Kikubaaqudgha
Makhleb
Nemelex Xobeh
Okawaru
Qazlal
Ru
Sif Muna
Trog
Uskayaw
Vehumet
Wu Jian
Xom
Yredelemnul
Zin
The Shining One
Jiyva
Lugonu


Innate Abilities, Weirdness & Mutations

You have a pair of horns on your head.
You reflexively headbutt those who attack you in melee.


Message History

You kill the yak!
The wraith is no longer distracted by gold.
Your Fighting skill increases to level 9!
Your Polearms skill increases to level 12!
Your Armour skill increases to level 9!
You puncture the wraith!
The wraith is moderately damaged.
The acid dragon is distracted by your dazzling golden aura.
You block the wraith's attack.
You hit the wraith.
The wraith is moderately damaged.
The wraith barely misses you.
You puncture the wraith! You headbutt the wraith.
The wraith is severely damaged.
You closely miss the wraith.
The wraith is severely damaged.
You block the wraith's attack.
You hit the wraith but do no damage.
The wraith is severely damaged.
The wraith hits you but does no damage.
You closely miss the wraith. Your headbutt misses the wraith.
The wraith is severely damaged.
You barely miss the wraith.
The wraith is severely damaged.
The wraith is distracted by your dazzling golden aura.
You puncture the wraith!
The wraith is no longer distracted by gold.
The wraith is almost destroyed.
The acid dragon is no longer distracted by gold.
The centaur is distracted by your dazzling golden aura.
The wraith hits you!
* * * LOW HITPOINT WARNING * * *
The wraith drains your vigour!
You feel yourself slow down.
The centaur shouts!
You hit the wraith.
You headbutt the wraith, but do no damage.
The wraith is almost destroyed.
The wraith hits you.
You die...
Your body crumbles into a pile of gold.

▓.▓
▓.▓
▓W▓
▓c▓
▓.▓
▓D▓
▓W▓
▓@▓
▓.▓
▓[▓
▓[▓
▓[▓
▓.▓
▓)▓
▓?▓
▓!▓


You could see 2 wraiths, an acid dragon and a centaur.

Vanquished Creatures
  2 yaks (D)
  A scorpion (D)
  A bombardier beetle (D)
  3 hounds (D)
  A ball python (D)
  An endoplasm (D)
  A frilled lizard (D)
  2 rats (D)
12 creatures vanquished.

Notes
Turn   | Place    | Note
-------+----------+-------------------------------------------
     0 | D        | Heoruswealwe the Minotaur Fighter began the quest for the
                  | Orb.
     0 | D        | Reached XP level 1. HP: 19/19 MP: 0/0
     7 | D        | Reached skill level 3 in Polearms
    17 | D        | Noticed a hound
    17 | D        | Noticed a bombardier beetle
    17 | D        | Noticed a hound
    17 | D        | Noticed a scorpion
    17 | D        | Noticed a hound
    25 | D        | Killed a hound
    26 | D        | Reached skill level 5 in Fighting
    26 | D        | Reached skill level 5 in Polearms
    26 | D        | Reached skill level 5 in Armour
    26 | D        | Reached XP level 2. HP: 19/29 MP: 1/1
    26 | D        | Reached XP level 3. HP: 24/36 MP: 2/2
    27 | D        | Killed a scorpion
    28 | D        | Reached skill level 7 in Polearms
    28 | D        | Reached XP level 4. HP: 30/45 MP: 3/3
    32 | D        | Reached skill level 8 in Polearms
    37 | D        | Reached skill level 9 in Polearms
    37 | D        | Reached XP level 5. HP: 38/52 MP: 4/4
    49 | D        | Found a snail-covered altar of Cheibriados.
    49 | D        | Found a shadowy altar of Dithmenos.
    49 | D        | Found a white marble altar of Elyvilon.
    49 | D        | Found a blossoming altar of Fedhas.
    49 | D        | Found an opulent altar of Gozag.
    50 | D        | Found a hazy altar of Hepliaklqana.
    51 | D        | Found a viscous altar of Jiyva.
    52 | D        | Found an ancient bone altar of Kikubaaqudgha.
    53 | D        | Found a corrupted altar of Lugonu.
    54 | D        | Found a burning altar of Makhleb.
    55 | D        | Found a sparkling altar of Nemelex Xobeh.
    56 | D        | Found an iron altar of Okawaru.
    57 | D        | Became a worshipper of Gozag Ym Sagoz the Greedy
    58 | D        | Found a stormy altar of Qazlal.
    59 | D        | Found a sacrificial altar of Ru.
    60 | D        | Found a shimmering blue altar of Sif Muna.
    61 | D        | Found a bloodstained altar of Trog.
    62 | D        | Found a hide-covered altar of Uskayaw.
    63 | D        | Found a radiant altar of Vehumet.
    64 | D        | Found an ornate altar of the Wu Jian Council.
    65 | D        | Found a shimmering altar of Xom.
    66 | D        | Found a basalt altar of Yredelemnul.
    67 | D        | Found a glowing silver altar of Zin.
    68 | D        | Found a glowing golden altar of the Shining One.
    93 | D        | Noticed a wraith
    93 | D        | Noticed a centaur
    93 | D        | Noticed an acid dragon
    93 | D        | Noticed a wraith
    93 | D        | Noticed a yak
    93 | D        | Noticed a yak
   102 | D        | Killed a yak
   103 | D        | Reached skill level 11 in Polearms
   103 | D        | Reached XP level 6. HP: 14/62 MP: 5/5
   111 | D        | Killed a yak
   112 | D        | Reached skill level 12 in Polearms
   119 | D        | HP: 1/64 [wraith (7)]
   120 | D        | Slain by a wraith

Illustrated notes

Levels and vault maps discovered:
D:        linesprint [early_d, line_temple, items_1, d_10, items_2, lair_1,
          lair_end, items_3, orc_1, orc_end, items_4, d_15, swamp_1, shoals_1,
          snake_1, spider_1, d_20, vaults_1, items_5, swamp_end, shoals_end,
          snake_end, spider_end, vaults_end, d_27, items_6, zot_1, zot_end,
          crypt_end, forest_end, elf_end, slime_end, tomb_end, abyss_end,
          pan_hell_end]

Skill      XL: |  1  2  3  4  5  6 |
---------------+-------------------+-----
Polearms       | 5 7 9 11 12 | 12.5
Fighting       | 5 6 7 8 9 |  9.5
Armour         | 5 6 7 8 9 |  9.5
Shields        | |  3.6

Action                     |  1- 3 |  4- 6 || total
---------------------------+-------+-------++-------
  Melee: Trident           |    17 |    42 ||    59
         Headbutt          |     3 |    11 ||    14
 Armour: Scale mail        |     6 |    18 ||    24
  Dodge: Dodged            |     7 |     9 ||    16
  Block: Buckler           |     5 |     5 ||    10
